Kradschützen Motorcycle Team
Construct Light Support Kompanie
Selects L6/40 Light Tank Combat Group
L6/40 Light Tank Combat Group
Selects Defensive Operations
Selects Towed Cannone da 105/28 Field Howitzer
L6/40 Light Tank Combat Group
Construct Mechanized Kompanie
Selects Territory Booby Traps
Construct Mechanized Kompanie
Construct Panzerarmee Kommand
Selects Obice 305mm Barrage
L6/40 Light Tank Combat Group